AoeStats
← AxingQuestions

Oasis

509759747Analyzed
4v4 RM · 3d ago on Sep 27, 2026· 43m 30s· 8 players
Game mode
Random Map
Map size
Large (8 player)
Population
200
Speed
Normal
Resources
Standard
Victory
Conquest
Starting age
Dark Age
Ending age
Imperial Age
RankedLock teamsTeams togetherTeam positionsShared explorationLock speedFull tech treeHidden civsTurbo modeCheats
Victory
Defeat
🇨🇴 Bulgarians · Colombia
1279
+16
🇺🇸 Teutons · United States
1261
+16
🇬🇧 Varangians · United Kingdom
1215
+18
🇺🇸 Vikings · United States
1195
+20
🇲🇽 Poles · Mexico
1280
-18
🇭🇳 Franks · Honduras
1270
-18
🇨🇱 Georgians · Chile
1267
-17
🇺🇾 Italians · Uruguay
1257
-17
Francisco Morazán
7:27 Loom
9:51 Feudal Age
10:53 Double-Bit Axe
19:29 Castle Age
18:20 Scale Barding Armor
18:15 Gold Mining
19:49 Forging
21:12 Chain Barding Armor
21:43 Bow Saw
25:57 Gold Shaft Mining
28:42 Iron Casting
30:21 Wheelbarrow
32:09 Fletching
34:13 Husbandry
36:28 Bodkin Arrow
Gabriel93
9:09 Loom
11:34 Feudal Age
12:34 Double-Bit Axe
15:09 Fletching
20:13 Horse Collar
25:44 Castle Age
23:51 Gold Mining
25:49 Crossbowman
26:26 Bodkin Arrow
26:32 Padded Archer Armor
29:44 Bow Saw
31:06 Fortified Wall
31:03 Siphons
33:28 Pikeman
34:57 Ballistics
[GDL] R_Oak
6:43 Loom
9:18 Feudal Age
9:47 Double-Bit Axe
10:28 Horse Collar
16:30 Scale Barding Armor
21:48 Castle Age
20:09 Stone Mining
21:45 Forging
21:50 Bloodlines
23:12 Heavy Plow
23:27 Husbandry
25:32 Bow Saw
26:12 Gold Mining
27:21 Chain Barding Armor
29:17 Szlachta Privileges
31:50 Iron Casting
32:26 Wheelbarrow
33:05 Fletching
37:59 Imperial Age
37:47 Hand Cart
38:12 Cavalier
AiM | XiøFabrY
2:44 Loom
8:59 Feudal Age
15:45 Castle Age
15:07 Double-Bit Axe
23:43 Scale Barding Armor
25:46 Horse Collar
27:22 Fervor
27:32 Sanctity
28:29 Wheelbarrow
29:32 Chain Barding Armor
30:47 Bloodlines
32:23 Husbandry
33:33 Stone Mining
33:58 Gold Mining
35:54 Forging
37:28 Iron Casting
39:51 Ballistics
42:16 Imperial Age
39:34 Town Watch
40:56 Bow Saw
42:12 Masonry
43:27 Conscription
43:37 Hand Cart
42:52 Heavy Scorpion
44:15 Plate Barding Armor
44:41 Blast Furnace
AxingQuestions
7:22 Loom
10:04 Feudal Age
11:35 Double-Bit Axe
14:14 Horse Collar
17:09 Fletching
18:18 Padded Archer Armor
18:30 Town Watch
23:34 Castle Age
21:42 Gold Mining
23:53 Crossbowman
24:32 Bodkin Arrow
25:18 Leather Archer Armor
27:43 Bow Saw
29:02 Ballistics
30:57 Masonry
33:29 Scale Mail Armor
32:52 Pikeman
33:32 Squires
33:18 Arson
36:52 Chain Mail Armor
36:47 Forging
37:09 Stone Mining
38:52 Town Patrol
44:39 Imperial Age
OfFspRlNg
9:58 Feudal Age
10:35 Loom
10:36 Horse Collar
10:41 Double-Bit Axe
17:16 Scale Barding Armor
21:18 Castle Age
19:29 Gold Mining
20:58 Bloodlines
21:22 Forging
22:58 Chain Barding Armor
22:44 Heavy Plow
22:57 Bow Saw
26:04 Iron Casting
29:11 Wheelbarrow
30:28 Hand Cart
30:06 Stone Mining
36:11 Imperial Age
36:27 Cavalier
37:42 Plate Barding Armor
38:10 Blast Furnace
37:48 Paladin
40:22 Fletching
41:13 Conscription
NYK
6:49 Loom
9:02 Feudal Age
9:56 Double-Bit Axe
10:50 Horse Collar
15:09 Bloodlines
20:01 Castle Age
18:50 Scale Barding Armor
19:14 Forging
21:11 Chain Barding Armor
22:02 Husbandry
24:46 Iron Casting
28:11 Wheelbarrow
28:49 Bow Saw
30:53 Gold Mining
31:28 Stone Mining
33:19 Hand Cart
36:27 Caravan
37:25 Town Watch
37:53 Fletching
37:35 Vendel Legacy
38:41 Bodkin Arrow
44:10 Imperial Age
juansozu
7:01 Loom
9:47 Feudal Age
16:35 Fletching
19:43 Wheelbarrow
21:06 Padded Archer Armor
24:31 Castle Age
23:08 Double-Bit Axe
25:22 Bodkin Arrow
24:49 Elite Skirmisher
25:59 Bow Saw
26:20 Scale Barding Armor
27:37 Chain Barding Armor
27:33 Leather Archer Armor
28:42 Bloodlines
30:29 Forging
36:13 Iron Casting
42:01 Stirrups
43:05 Horse Collar
43:19 Gold Mining
Connection lost

Rejoining the realm…

Still unreachable

The connection could not be restored.

Session expired

The server has moved on; the page needs a fresh start.